 Dungeon Crawl Stone Soup version 0.32-a0-120-gfac0567ad4 (webtiles) character file.

Game seed: 14203062509726484475

66 jasper the Shooter (level 4, 0/32 HPs)
             Began as a Barachi Hexslinger on Feb 6, 2024.
             Slain by a ribbon worm (4 damage)
             ... on level 3 of the Dungeon.
             The game lasted 00:04:47 (1367 turns).

jasper the Shooter (Barachi Hexslinger)             Turns: 1367, Time: 00:04:47

Health: 0/32       AC:  7    Str: 12    XL:     4   Next: 15%
Magic:  5/5        EV: 11    Int: 13    God:
Gold:   49         SH:  0    Dex: 14    Spells: 5/5 levels left

rFire   . . .        a - +1 sling
rCold   . . .        (no shield)
rNeg    . . .        g - +0 ring mail
rPois   .            (no helmet)
rElec   .            (no cloak)
rCorr   .            (no gloves)
SInv    .            h - +1 pair of boots
Will    .....        (no amulet)
Stlth   +            (no ring)
HPRegen 0.25/turn    (no ring)
MPRegen 0.09/turn

%: no passive effects
@: unable to hop, slow
A: amphibious, slowness 1, strong legs 1, +LOS
a: Hop


You were on level 3 of the Dungeon.
You visited 1 branch of the dungeon, and saw 3 of its levels.

You collected 49 gold pieces.

Inventory:

Hand Weapons
 a - a +1 sling (weapon)
Armour
 c - a +0 robe
 g - a +0 ring mail (worn)
 h - a +1 pair of boots (worn)
Scrolls
 b - 2 scrolls of poison
 e - a scroll of fog
 i - a scroll of teleportation
 k - a scroll of blinking {unknown}
 l - 2 scrolls of identify {unknown}
Potions
 d - a potion of heal wounds {unknown}
 f - a potion of lignification {unknown}
 j - a potion of attraction {unknown}
 m - a potion of might {unknown}
 n - 2 potions of ambrosia {unknown}


   Skills:
 - Level 1.2 Fighting
 + Level 4.3 Ranged Weapons
 - Level 2.1 Dodging
 - Level 1.1 Spellcasting
 - Level 3.2 Hexes
 - Level 1.1 Fire Magic


You had 5 spell levels left.
You didn't know any spells.
Your spell library contained the following spells:

 Spells                   Type           Power      Damage    Failure   Level
 Jinxbite                 Hex            18%        N/A       26%         2
 Sigil of Binding         Hex            9%         N/A       45%         3
 Inner Flame              Hex/Fire       6%         N/A       61%         3
 Cause Fear               Hex            4%         N/A       86%         4
 Dimensional Bullseye     Hex/Tloc       2%         N/A       97%         4


Dungeon Overview and Level Annotations

Branches:
Dungeon (3/15)

Altars:

Annotations:
D:2 Sigmund


Innate Abilities, Weirdness & Mutations

You are amphibious.
You cover ground slowly.
You can hop short distances.
You have an extended range of vision and can be seen from far away.


Message History

Fire: a) +1 sling
Press: ? - help, Q - select action, (/) - cycle Shift-Dir - straight line, f/p - ribbon worm
Aim: a ribbon worm (heavily wounded, 78% to hit)
You shoot a sling bullet.
The sling bullet barely misses the ribbon worm.
Fire: a) +1 sling
Press: ? - help, Q - select action, (/) - cycle Shift-Dir - straight line, f/p - ribbon worm
Aim: a ribbon worm (moderately wounded, 78% to hit)
You shoot a sling bullet. The sling bullet hits the ribbon worm.
The ribbon worm is severely wounded.
Fire: a) +1 sling
Press: ? - help, Q - select action, (/) - cycle Shift-Dir - straight line, f/p - ribbon worm
Aim: a ribbon worm (severely wounded, 78% to hit)
You shoot a sling bullet. The sling bullet hits the ribbon worm.
The ribbon worm is severely wounded.
The ribbon worm bites you.
* * * LOW HITPOINT WARNING * * *
You take 1 damage, and have 5/32 hp.
Fire: a) +1 sling
Press: ? - help, Q - select action, (/) - cycle Shift-Dir - straight line, f/p - ribbon worm
Aim: a ribbon worm (severely wounded, 78% to hit)
You shoot a sling bullet. The sling bullet hits the ribbon worm.
The ribbon worm is severely wounded.
The ribbon worm completely misses you.
Fire: a) +1 sling
Press: ? - help, Q - select action, (/) - cycle Shift-Dir - straight line, f/p - ribbon worm
Aim: a ribbon worm (severely wounded, 78% to hit)
You shoot a sling bullet. The sling bullet hits the ribbon worm.
The ribbon worm is severely wounded.
The ribbon worm bites you.
* * * LOW HITPOINT WARNING * * *
You take 2 damage, and have 4/32 hp.
Fire: a) +1 sling
Press: ? - help, Q - select action, (/) - cycle Shift-Dir - straight line, f/p - ribbon worm
Aim: a ribbon worm (severely wounded, 78% to hit)
You shoot a sling bullet.
The sling bullet barely misses the ribbon worm.
An adder comes into view.
The ribbon worm bites you.
You die...

##.#.#.......#.#.###
#..#...##.##...#..#
####.#.#.#...#.#.#.##
...#...#...#...#...####
###.#.#.#...#.#.#.#.S.
#..#...##.##...#..####
##.#.#.......#.#.#...
#######...##.###w##...#...
......#.#.......@..)#.#..##
######..##.###.###.##..#.#
......#...............##.#
#####.##.###.###.###.##..
#####.#.#####.#######.....
...##.#.# #.# .....
##....#.# ... ....
.#..#.#)# #.... . .#....#.#
# ...


You could see a ribbon worm and an adder (wandering).

Vanquished Creatures
  An adder (D:2)
  A dart slug (D:1)
  A ribbon worm (D:2)
  7 ball pythons
  5 endoplasms
  6 giant cockroaches
  2 goblins (D:1)
  4 hobgoblins
  4 jackals (D:1)
  A quokka (D:2)
  4 bats
  3 frilled lizards
  4 kobolds
  3 rats
46 creatures vanquished.

Notes
Turn   | Place    | Note
-------+----------+-------------------------------------------
     0 | D:1      | jasper the Barachi Hexslinger began the quest for the Orb.
     0 | D:1      | Reached XP level 1. HP: 15/15 MP: 2/2
   185 | D:1      | Reached XP level 2. HP: 21/21 MP: 3/3
   237 | D:1      | Reached skill level 3 in Ranged Weapons
   371 | D:1      | Reached XP level 3. HP: 26/26 MP: 4/4
   835 | D:2      | Reached skill level 4 in Ranged Weapons
   916 | D:2      | Reached XP level 4. HP: 32/32 MP: 5/5
  1212 | D:2      | Noticed Sigmund
  1367 | D:3      | Slain by a ribbon worm

Illustrated notes

Levels and vault maps discovered:
D:1:      onia_arrival_mini_maze_b, layout_rooms, minivault_25,
          minmay_heptomino_o4
D:2:      layout_basic, uniq_sigmund
D:3:      layout_basic, nicolae_concentric_dashed_squares_mild,
          serial_bayou_pond_c, hangedman_abyss_or_decor_lesser_grid

Skill      XL: |  1  2  3 |
---------------+----------+-----
Ranged Weapons | 3 4 |  4.3
Fighting       | |  1.2
Dodging        | |  2.1
Spellcasting   | |  1.1
Hexes          | |  3.2
Fire Magic     | |  1.1

Action                     |  1- 3 |  4- 6 || total
---------------------------+-------+-------++-------
   Fire: Sling             |   144 |    52 ||   196
Ability: Hop               |     1 |     2 ||     3
    Use: Scroll            |     4 |       ||     4
 Armour: Robe              |    31 |       ||    31
         Ring mail         |     8 |    26 ||    34
  Dodge: Dodged            |    58 |    14 ||    72

Table legend: (Time is in decaauts)
 A = Elapsed time spent in this place.
 B = Non-inter-level travel time spent in this place.
 C = Inter-level travel time spent in this place.
 D = Time resting spent in this place.
 E = Time spent auto-exploring this place.
 F = Levels seen in this place.
 G = Mean time per level.
                   A        B        C        D        E       F      G
               +--------+--------+--------+--------+--------+-----+--------+
         Total |   1626 |   1575 |     51 |      2 |   1128 |   3 |  542.0 |
       Dungeon |   1626 |   1575 |     51 |      2 |   1128 |   3 |  542.0 |
               +--------+--------+--------+--------+--------+-----+--------+

Top non-repeatable levels by time:
     D:1: 823 daAuts
     D:2: 655 daAuts
     D:3: 147 daAuts
